 Dungeon Sprint DCSS version 0.28.0-43-g3370ac3207 (webtiles) character file.

Game seed: 7433464310610792704

7030 boopmooplesden the Warrior (level 10, -5/114 HPs)
             Began as a Minotaur Berserker on Mar 10, 2022.
             Was a High Priest of Trog.
             Slain by a dire elephant (16 damage)
             ... in the Dungeon (Sprint II: "The Violet Keep of Menkaure").
             The game lasted 00:05:01 (1856 turns).

boopmooplesden the Warrior (Minotaur Berserker)     Turns: 1856, Time: 00:05:01

Health: -5/114     AC: 13    Str: 23    XL:     10   Next: 82%
Magic:  9/9        EV: 12    Int:  4    God:    Trog [*****.]
Gold:   1228       SH:  0    Dex: 13    Spells: 9/9 levels left

rFire   + . .      SeeInvis .   u - +1 battleaxe (flame)
rCold   + + .      Faith    .   (shield currently unavailable)
rNeg    . . .      Spirit   .   i - +1 chain mail of the Engineer {Contam rPois rCorr Slay+5}
rPois   +          Reflect  .   (helmet restricted)
rElec   +          Harm     .   (no cloak)
rCorr   +          Rampage  .   (no gloves)
Will    .....      NoTele   +   (no boots)
Stlth   ..........              (no amulet)
HPRegen 0.29/turn               m - ring of protection from cold
MPRegen 0.11/turn               (no ring)

@: resistant, on berserk cooldown, slowed, very slow
A: horns 2, retaliatory headbutt
a: Renounce Religion, Berserk, Trog's Hand, Brothers in Arms


You were in the Dungeon.
You worshipped Trog.
Trog was extremely pleased with you.
You visited 1 branch You collected 1418 gold pieces.
You spent 190 gold pieces at shops.

Inventory:

Hand Weapons
 a - a +0 hand axe
 j - a +7 rapier
 u - a +1 battleaxe of flaming (weapon)
Missiles
 s - a throwing net (quivered)
Armour
 b - a +1 animal skin
 i - the +1 chain mail of the Engineer (worn) {Contam rPois rCorr Slay+5}
   (You bought it in a shop in the Dungeon)

   Slay:      It affects your accuracy & damage with ranged weapons and melee
   (+5).
   rPois:     It protects you from poison.
   Contam:    It causes magical contamination when unequipped.
   rCorr:     It protects you from acid and corrosion.
Jewellery
 m - a ring of protection from cold (left hand)
Scrolls
 h - a scroll of blinking
Potions
 c - 2 potions of curing
 e - a potion of haste
 f - 8 potions of magic
 g - a potion of berserk rage
 n - a potion of brilliance {unknown}
 q - 2 potions of mutation
 v - 2 potions of resistance
 w - 3 potions of flight


   Skills:
 + Level 18.7 Fighting
 + Level 18.6 Axes
 + Level 13.4 Armour
 + Level 9.3 Dodging
 + Level 3.4 Stealth


You had 9 spell levels left.
You didn't know any spells.
Your spell library was empty.

Dungeon Overview and Level Annotations

Branches:
Dungeon (1/1)

Altars:
Cheibriados
Dithmenos
Elyvilon
Fedhas
Gozag
Hepliaklqana
Kikubaaqudgha
Makhleb
Nemelex Xobeh
Okawaru
Qazlal
Ru
Sif Muna
Trog
Uskayaw
Vehumet
Wu Jian
Xom
Yredelemnul
Zin
The Shining One
Beogh
Jiyva
Lugonu

Shops:
D [[:=*(!?*=:*[:!(:

Annotations:
D exclusion: oklob plant


Innate Abilities, Weirdness & Mutations

You have a pair of horns on your head.
You reflexively headbutt those who attack you in melee.


Message History

You open the door.
A dire elephant and 3 orc sorcerers come into view.
An orc sorcerer is wielding a +0 dagger and wearing a +2 robe of the Archmagi.
The dire elephant trumpets!
The orc sorcerer shouts! x3
The orc sorcerer gestures wildly while chanting.
The orc sorcerer fails to trigger a net trap.
The dire elephant tramples you!
* * * LOW HITPOINT WARNING * * *
You stumble backwards!
Found 81 gold pieces, a glowing ring mail and a glowing leather armour.
The dire elephant tramples you.
* * * LOW HITPOINT WARNING * * *
You stumble backwards!
The orc sorcerer casts a spell.
The orc sorcerer mumbles some strange words.
The orc sorcerer casts a spell.
There is an open door here.
The orc sorcerer mumbles some strange words.
The dire elephant tramples you.
* * * LOW HITPOINT WARNING * * *
You stumble backwards!
There is an open door here.
You're still recovering from your berserk rage.
Unknown command.
Blink to where?
Press: ? - help, Dir - move target Really blink into a travel-excluded area?
Okay, then.
Blink to where?
Press: ? - help, Dir - move target Really blink into a travel-excluded area?
As you read the scroll of blinking, it crumbles to dust.
The dire elephant fails to trigger a net trap.
This door is marked as excluded!
Open it anyway?
Okay, then.
Okay, then.
You feel protected.
This door is marked as excluded!
Open it anyway?
You open the door. The dire elephant tramples you!
You die...

+***,,,,,*,*+++#+++#§≈≈§§≈≈≈§#.._
,,**,,,,,***≈≈≈≈§≈≈##§≈§###≈≈#...
+***,,,,,**≈≈≈≈≈≈≈≈≈*#≈§#,#≈≈#...
,,*+,,,,,+≈≈≈≈≈,≈≈≈≈≈+§≈#+#§≈#...
+***,,,,,**≈≈≈≈≈≈≈≈≈##≈≈≈≈≈≈§####
,,**,,,,,###≈≈≈≈≈≈≈###########≈≈≈
+***,,,,,#∩####+####...°...###≈##
,,***,,,##....#####.○.☼○°...##≈#,
∩,+***,*#∩......@'○..○☼○)°°..'≈#,
,,*,,***########Y##.○○○☼...°####,
****,,,)...oooo#..##..○°...#####[
******##########..^#########....[
,∩∩≈,,.......^.....o.'.o.34oo4.3$
*****############################


You could see a dire elephant, an orc sorcerer and 2 orc priests.

Vanquished Creatures
  Gastronok (D)
  3 sixfirhies (D)
  2 deep trolls (D)
  An ice statue (D)
  A merfolk siren (D)
  A yaktaur (D)
  A hornet (D)
  3 polar bears (D)
  2 wyverns (D)
  4 neqoxecs (D)
  Menkaure (D)
  3 water moccasins (D)
  4 necrophages (D)
  A jelly (D)
  A hell rat (D)
29 creatures vanquished.

Vanquished Creatures (others)
  A water moccasin (D)
  16 tentacles (D)
17 creatures vanquished.

Grand Total: 46 creatures vanquished

Notes
Turn   | Place    | Note
-------+----------+-------------------------------------------
     0 | D        | boopmooplesden the Minotaur Berserker began the quest for
                  | the Orb.
     0 | D        | Reached XP level 1. HP: 19/19 MP: 0/0
     1 | D        | Noticed a wyvern
     1 | D        | Noticed a wyvern
     4 | D        | Killed a wyvern
     5 | D        | Reached XP level 2. HP: 36/36 MP: 1/1
     5 | D        | Reached XP level 3. HP: 41/41 MP: 2/2
     5 | D        | Reached XP level 4. HP: 49/49 MP: 3/3
     5 | D        | Reached XP level 5. HP: 56/56 MP: 4/4
     5 | D        | Killed a wyvern
     6 | D        | Reached skill level 10 in Fighting
     6 | D        | Reached skill level 10 in Axes
     6 | D        | Reached skill level 5 in Armour
     6 | D        | Reached XP level 6. HP: 67/67 MP: 5/5
    42 | D        | Killed a water moccasin
    54 | D        | Noticed a merfolk siren
    64 | D        | Killed a merfolk siren
    64 | D        | Reached ** piety under Trog
    65 | D        | Reached skill level 5 in Dodging
    65 | D        | Reached XP level 7. HP: 43/77 MP: 6/6
   221 | D        | Noticed a neqoxec
   221 | D        | Noticed a neqoxec
   221 | D        | Noticed a neqoxec
   221 | D        | Noticed a neqoxec
   226 | D        | Killed a neqoxec
   230 | D        | Killed a neqoxec
   232 | D        | Killed a neqoxec
   232 | D        | Reached *** piety under Trog
   232 | D        | Killed a neqoxec
   233 | D        | Reached XP level 8. HP: 88/88 MP: 7/7
   273 | D        | Reached **** piety under Trog
   484 | D        | Found Vimuyfal's Book Shop.
   484 | D        | Found Idijim's Antique Armour Shop.
   484 | D        | Found Semiha's Jewellery Boutique.
   484 | D        | Found Omatocw's Distillery.
   484 | D        | Found Hiam's General Store.
   485 | D        | Found Isucrugg's Assorted Antiques.
   485 | D        | Found Futout's Magic Scroll Shop.
   485 | D        | Found Nozol's Book Boutique.
   486 | D        | Found Mohy's Distillery.
   486 | D        | Found Vakaylerr's Antique Weapon Boutique.
   486 | D        | Noticed Menkaure
   486 | D        | Noticed a manticore
   486 | D        | Noticed a manticore
   503 | D        | Killed Menkaure
   703 | D        | Reached ***** piety under Trog
   712 | D        | Found Locwu's Assorted Antiques.
   712 | D        | Found Dolur's Jewellery Shop.
   712 | D        | Noticed a manticore
   712 | D        | Noticed an oklob plant
   713 | D        | Found Hoisohaick's Antique Armour Shop.
   713 | D        | Found Cup Cuod's Armour Boutique.
   713 | D        | Found Qapsoyt's Book Shoppe.
   715 | D        | Bought a spiked chain mail for 190 gold pieces
   715 | D        | Identified the +1 chain mail of the Engineer {Contam rPois
                  | rCorr Slay+5} (You bought it in a shop in the Dungeon)
   828 | D        | Found a hazy altar of Hepliaklqana.
   828 | D        | Found a snail-covered altar of Cheibriados.
   829 | D        | Found a stormy altar of Qazlal.
   829 | D        | Found a viscous altar of Jiyva.
   829 | D        | Found a shadowy altar of Dithmenos.
   830 | D        | Found a sacrificial altar of Ru.
   830 | D        | Found an ancient bone altar of Kikubaaqudgha.
   830 | D        | Found a white marble altar of Elyvilon.
   831 | D        | Found an ornate altar of the Wu Jian Council.
   831 | D        | Found a shimmering blue altar of Sif Muna.
   831 | D        | Found a corrupted altar of Lugonu.
   832 | D        | Found a shimmering altar of Xom.
   832 | D        | Found a bloodstained altar of Trog.
   832 | D        | Found a burning altar of Makhleb.
   833 | D        | Found a glowing golden altar of the Shining One.
   833 | D        | Found a basalt altar of Yredelemnul.
   833 | D        | Found a hide-covered altar of Uskayaw.
   834 | D        | Found a glowing silver altar of Zin.
   834 | D        | Found a radiant altar of Vehumet.
   834 | D        | Noticed a polar bear
   834 | D        | Noticed a polar bear
   834 | D        | Noticed a polar bear
   835 | D        | Noticed a yaktaur
   842 | D        | Killed a polar bear
   843 | D        | Reached skill level 15 in Fighting
   843 | D        | Reached skill level 15 in Axes
   846 | D        | Noticed a hornet
   850 | D        | Killed a polar bear
   851 | D        | Reached skill level 1 in Stealth
   851 | D        | Reached XP level 9. HP: 97/97 MP: 8/8
   856 | D        | Killed a polar bear
   856 | D        | Received a gift from Trog
   871 | D        | Killed a yaktaur
   886 | D        | Noticed a kraken
  1413 | D        | Found a sparkling altar of Nemelex Xobeh.
  1413 | D        | Found a blossoming altar of Fedhas.
  1414 | D        | Found an iron altar of Okawaru.
  1414 | D        | Found an opulent altar of Gozag.
  1423 | D        | Noticed a deep troll
  1423 | D        | Noticed a deep troll
  1428 | D        | Killed a deep troll
  1432 | D        | Killed a deep troll
  1433 | D        | Reached skill level 10 in Armour
  1433 | D        | Reached XP level 10. HP: 98/111 MP: 9/9
  1470 | D        | Noticed an ice statue
  1571 | D        | Noticed a sixfirhy
  1575 | D        | Noticed a sixfirhy
  1581 | D        | Killed an ice statue
  1581 | D        | Received a gift from Trog
  1582 | D        | Noticed a sixfirhy
  1589 | D        | Found Qeli Gau's Book Shoppe.
  1590 | D        | Found Fustrox's Weapon Boutique.
  1793 | D        | Identified the +7 war axe of Ashenzari {flame, rElec rPois
                  | Int-3 SInv}
  1823 | D        | Killed a sixfirhy
  1826 | D        | Killed a sixfirhy
  1834 | D        | Killed a sixfirhy
  1836 | D        | Noticed Gastronok
  1843 | D        | HP: 5/113 [Gastronok (1)]
  1847 | D        | Killed Gastronok
  1849 | D        | Noticed a dire elephant
  1849 | D        | Noticed an orc sorcerer
  1849 | D        | Noticed an orc sorcerer
  1849 | D        | Noticed an orc sorcerer
  1849 | D        | Noticed a soul eater
  1856 | D        | Slain by a dire elephant

Illustrated notes

Levels and vault maps discovered:
D:        the_violet_keep_of_menkaure [sprint2_stairs_cluster_1,
          sprint2_shoproom, sprint2_temple, sprint2_basic_supplies,
          sprint2_obstacle_4, sprint2_obstacle_2, sprint2_obstacle_6,
          sprint2_obstacle_3, sprint2_obstacle_5, sprint2_timed_cluster_1,
          sprint2_smallroom_cluster_1, sprint2_smallroom_final_cluster_1,
          sprint2_transparent_cluster_1, sprint2_second_timed_cluster_1,
          sprint2_sniper_area_1, sprint2_heavy_combat_area_1,
          sprint2_mutation_trap_area_1, sprint2_forest_area_1,
          sprint2_light_combat_area_1, sprint2_behind_water_1,
          sprint2_near_end_vault_1]

Skill      XL: |  1  2  3  4  5  6  7  8  9 10 |
---------------+-------------------------------+-----
Fighting       | 8 10 12 13 15 17 18 | 18.7
Axes           | 8 10 12 13 15 17 18 | 18.6
Armour         | 4 5 6 7 8 10 13 | 13.4
Dodging        | 4 5 6 7 8 9 |  9.3
Stealth        | 1 2 3 |  3.4

Action                   |  1- 3 |  4- 6 |  7- 9 | 10-12 || total
-------------------------+-------+-------+-------+-------++-------
Melee: Hand axe          |     2 |     9 |    97 |       ||   108
       Headbutt          |     1 |     1 |    17 |     7 ||    26
       Punch             |       |       |     2 |       ||     2
       Battleaxe         |       |       |     8 |    26 ||    34
Invok: Berserk           |     1 |       |     3 |     2 ||     6
  Use: Scroll            |       |       |     9 |     1 ||    10
       Potion            |       |       |     1 |     2 ||     3
Armor: Chain mail        |       |       |    23 |     5 ||    28
Dodge: Dodged            |     1 |     1 |    45 |    11 ||    58
